 Dungeon Crawl Stone Soup version 0.24-a0-580-g6a6c3f83c1 (webtiles) character file.

Game seed: 15335666157761803581

54 Ijustatesigmund the Skirmisher (level 3, 39/39 HPs)
             Began as an Ogre Fighter on Aug 22, 2019.
             Quit the game on level 2 of the Dungeon.
             The game lasted 00:02:14 (1969 turns).

Ijustatesigmund the Skirmisher (Ogre Fighter)       Turns: 1969, Time: 00:02:15

Health: 39/39      AC:  2    Str: 20    XL:     3   Next: 91%
Magic:  3/3        EV:  8    Int:  9    God:
Gold:   57         SH:  8    Dex: 13    Spells: 2/2 levels left

rFire    . . .     SeeInvis .   a - +1 flail
rCold    . . .     Gourm    .   c - +0 shield
rNeg     . . .     Faith    .   b - +0 robe
rPois    .         Spirit   .   (helmet restricted)
rElec    .         Reflect  .   (no cloak)
rCorr    .         Harm     .   (gloves unavailable)
MR       .....                  (boots unavailable)
Stlth    +.........             (no amulet)
HPRegen  0.13/turn              (no ring)
MPRegen  0.08/turn              (no ring)

@: no status effects
A: large, unfitting armour, agile 2, deformed body, tough skin 1
a: no special abilities


You were on level 2 of the Dungeon.
You were not hungry.

You visited 1 branch of the dungeon, and saw 2 of its levels.

You collected 57 gold pieces.

Inventory:

Hand Weapons
 a - a +1 flail (weapon)
Armour
 b - a +0 robe (worn)
 c - a +0 shield (worn)
Scrolls
 g - 2 scrolls of remove curse {unknown}
Potions
 d - 2 potions of might
 h - 2 potions of flight
 j - a potion of ambrosia
Comestibles
 f - 5 rations


   Skills:
 - Level 4.0 Fighting
 + Level 3.7 Maces & Flails
 - Level 2.6 Dodging
 - Level 2.6 Shields


You had 2 spell levels left.
You didn't know any spells.
Your spell library was empty.

Dungeon Overview and Level Annotations

Branches:
Dungeon (2/15)

Altars:
Nemelex Xobeh


Innate Abilities, Weirdness & Mutations

You are too large for most types of armour.
You have tough skin. (AC +1)
You are very agile. (Dex +4)
Armour fits poorly on your strangely shaped body.


Message History

No target in view!
No target in view!
No target in view!
Things that are here:
a +0 hand axe of chopping; a goblin corpse
g - a scroll labeled YXTILI LUANUYL You open the door.
There is an open door here.
g - 2 scrolls labeled YXTILI LUANUYL (gained 1)
Found a stone staircase leading down.
h - 2 potions of flight (gained 1) Key pressed, stopping explore.
No target in view!
i - a metallic ruby potion
As you read the scroll of identify, it crumbles to dust.
i - a potion of mutation Really quaff the potion of mutation?
You feel extremely strange.
Your body twists and deforms.
You feel agile. x2
Are you sure you want to abandon this character and quit the game? (Confirm with "yes".)

#.#........'.........'.
#.#.....####......)..##
#.###..## ##.......##
#.###..# ##.....##
#......# ##...##
######.# ##+## #.# #.#
#@# #........ #####.##.


There were no monsters in sight!

Vanquished Creatures
  An adder (D:2)
  2 adder zombies (D:1)
  A worm (D:2)
  A dart slug (D:2)
  2 leopard geckos (D:2)
  An orc (D:2)
  4 bats
  2 giant cockroaches (D:2)
  2 goblins (D:2)
  3 hobgoblins (D:1)
  2 jackals (D:2)
  A quokka (D:2)
  2 frilled lizards (D:2)
  2 kobolds (D:2)
  4 rats
30 creatures vanquished.

Notes
Turn   | Place    | Note
-------+----------+-------------------------------------------
     0 | D:1      | Ijustatesigmund the Ogre Fighter began the quest for the
                  | Orb.
     0 | D:1      | Reached XP level 1. HP: 24/24 MP: 1/1
    29 | D:1      | Reached XP level 2. HP: 11/32 MP: 2/2
   959 | D:2      | Reached XP level 3. HP: 30/39 MP: 3/3
  1905 | D:2      | Found a sparkling altar of Nemelex Xobeh.
  1968 | D:2      | Gained mutation: Armour fits poorly on your strangely
                  | shaped body. [potion of mutation]
  1968 | D:2      | Gained mutation: You are agile. (Dex +2) [potion of
                  | mutation]
  1968 | D:2      | Gained mutation: You are very agile. (Dex +4) [potion of
                  | mutation]
  1969 | D:2      | Quit the game

Levels and vault maps discovered:
D:1:      saegor_arrival_fortress, layout_basic
D:2:      layout_loops_corners, overflow_temple_1_default, first_ration

Skill      XL: |  1  2 |
---------------+-------+-----
Maces & Flails | 2 3 |  3.7
Fighting       | |  4.0
Dodging        | |  2.6
Shields        | |  2.6

Action                   || total
-------------------------++-------
Melee: Flail             ||   108
       Mace              ||     4
  Use: Scroll            ||     7
       Potion            ||     1
  Eat: Chunk             ||     3
Armor: Robe              ||    35
Dodge: Dodged            ||    28
Block: Shield            ||    53

Table legend:
 A = Non-vault XP
 B = Vault XP
 C = Vault XP percentage of total XP
 D = Non-vault monster count
 E = Vault monster count
 F = Vault count percentage of total count
                 A         B        C        D         E       F
            +---------+---------+-------+---------+---------+-------
      Total |      67 |      11 |  14.1 |      28 |       2 |   6.7
            +---------+---------+-------+---------+---------+-------
        D:1 |      10 |      11 |  52.4 |       6 |       2 |  25.0
        D:2 |      57 |       0 |   0.0 |      22 |       0 |   0.0
            +---------+---------+-------+---------+---------+-------
